 Dungeon Crawl Stone Soup version 0.28-b1-25-g9875b3fc8c (webtiles) character file.

Game seed: 1892388631908906454

6260 crazypyro the Cleaver (level 10, -7/88 HPs)
             Began as a Minotaur Fighter on Feb 2, 2022.
             Was a High Priest of Okawaru.
             Killed from afar by a fire giant (53 damage)
             ... with a bolt of fire
             ... on level 10 of the Dungeon.
             The game lasted 00:12:10 (10516 turns).

crazypyro the Cleaver (Minotaur Fighter)           Turns: 10516, Time: 00:12:11

Health: -7/88      AC: 14    Str: 26    XL:     10   Next: 62%
Magic:  9/9        EV: 10    Int:  5    God:    Okawaru [*****.]
Gold:   568        SH:  0    Dex:  9    Spells: 9/9 levels left

rFire   . . .      SeeInvis .   A - +1 battleaxe
rCold   . . .      Faith    .   (shield currently unavailable)
rNeg    . . .      Spirit   .   m - +1 chain mail
rPois   .          Reflect  .   (helmet restricted)
rElec   .          Harm     .   C - +0 cloak
rCorr   .          Rampage  .   r - +0 pair of gloves
Will    .....                   (no boots)
Stlth   ..........              (no amulet)
HPRegen 0.24/turn               n - ring of flight
MPRegen 0.11/turn               (no ring)

@: flying, studying Fire Magic
A: horns 2, retaliatory headbutt
a: Renounce Religion, Heroism, Finesse, Duel


You were on level 10 of the Dungeon.
You worshipped Okawaru.
Okawaru was extremely pleased with you.
You visited 2 branches of the dungeon, and saw 11 of its levels.

You collected 568 gold pieces.

Inventory:

Hand Weapons
 a - a +0 war axe of freezing
 e - a +2 whip of flaming
 z - a +0 vorpal war axe
 A - a +1 battleaxe (weapon)
Missiles
 w - a throwing net (quivered)
Armour
 b - a +0 scale mail
 c - a +0 buckler
 m - a +1 chain mail (worn)
 r - a +0 pair of gloves (worn)
 C - a +0 cloak (worn)
Jewellery
 n - a ring of flight (left hand)
 t - a ring of magical power
 I - a ring of fire
Wands
 x - a wand of polymorph (7)
 y - a wand of mindburst (14)
 B - a wand of digging (7)
 E - a wand of iceblast (8)
 H - a wand of paralysis (4)
Scrolls
 f - 2 scrolls of silence
 g - 4 scrolls of fear
 h - 7 scrolls of identify
 i - 6 scrolls of teleportation
 l - 2 scrolls of fog
 s - a scroll of magic mapping
 v - a scroll of enchant weapon {unknown}
 D - a scroll of enchant armour
 F - a scroll of vulnerability {unknown}
Potions
 d - a potion of might
 j - 3 potions of heal wounds
 k - 2 potions of invisibility {unknown}
 o - a potion of attraction {unknown}
 p - 3 potions of flight {unknown}
 q - 2 potions of curing
 u - a potion of cancellation {unknown}
 G - a potion of brilliance {unknown}
 J - a potion of mutation {unknown}


   Skills:
 + Level 7.7 Fighting
 * Level 13.6 Axes
 + Level 7.8 Armour
 + Level 7.1 Dodging
 - Level 6.8 Shields


You had 9 spell levels left.
You didn't know any spells.
Your spell library contained the following spells:

 Spells                   Type           Power      Damage    Failure   Level
 Ignite Poison            Fire/Tmut/Pois 0%         N/A       100%        3
 Mephitic Cloud           Conj/Pois/Air  0%         N/A       100%        3
 Portal Projectile        Hex/Tloc       0%         N/A       100%        3
 Blade Hands              Tmut           0%         N/A       100%        5
 Excruciating Wounds      Necr           0%         N/A       100%        5
 Freezing Cloud           Conj/Ice/Air   0%         6-21      100%        5


Dungeon Overview and Level Annotations

Branches:
Dungeon (10/15)            Temple (1/1) D:5
   Lair: D:8-11         Orc: D:9-12

Altars:
Ashenzari
Cheibriados
Dithmenos
Elyvilon
Fedhas
Gozag
Hepliaklqana
Kikubaaqudgha
Makhleb
Nemelex Xobeh
Okawaru
Qazlal
Ru
Sif Muna
Trog
Uskayaw
Vehumet
Wu Jian
Xom
Yredelemnul
Zin
The Shining One
Lugonu

Shops:
D:9 ?

Annotations:
D:9 3 runed translucent doors, Ironcache's ghost, novice OpCA; croobank's ghost, novice MiBe; iwittbrodt's ghost, novice GnWn; sanboga's ghost, journeyman GrFi; snackwell's ghost, novice TrHu


Innate Abilities, Weirdness & Mutations

You have a pair of horns on your head.
You reflexively headbutt those who attack you in melee.


Message History

a +0 troll leather armour; a troll skeleton The fire bat bites you but does no damage.
The fire bat misses you. The fire bat bites you.
You are engulfed in flames.
The fire bat bites you but does no damage. x2
Things that are here:
a +0 troll leather armour; a troll skeleton The fire bat bites you but does no damage.
You slice the fire bat!!
The fire bat is severely wounded.
The fire bat bites you but does no damage.
The fire bat closely misses you. The fire bat barely misses you.
You furiously retaliate!
You headbutt the fire bat!
You kill the fire bat!
Okawaru accepts your kill.
No target in view!
No target in view!
There is an opulent altar of Gozag here.
Things that are here:
a +0 troll leather armour; a troll skeleton A fire bat is nearby!
Things that are here:
a +0 troll leather armour; a troll skeleton
Things that are here:
a +0 troll leather armour; a troll skeleton You slice the fire bat!!
You kill the fire bat!
Okawaru accepts your kill.
Things that are here:
a +0 troll leather armour; a troll skeleton
I - a ring of fire You see here a +1 great sword of flaming.
J - a fizzy white potion The fire giant gestures at you while chanting.
The bolt of fire hits you!!! The fire giant casts a spell at you.
The bolt of fire hits you!!!
Ouch! That really hurt!
You die...

#...###.....##
######
#...##.......##
......
#####.........##
######
##...........##
#.............# ####
.#.............###
#..>
......[.⌠).......#
#.##
.#.............#.#
#........@..(.#..
##....$......## ####
##.........## .....
##.....C.##
#...##### ##.....##
#.. ###.#### ####.#
#.....# ##....#
#.####.#...###.....#
#####
#..................#
#....


You could see a fire giant.

Vanquished Creatures
  Joseph (D:8)
  Psyche (D:9)
  The ghost of growler the Gusty, a novice TeAE (D:5)
  2 trolls
  A wraith (D:6)
  6 fire bats (D:10)
  A steam dragon (D:7)
  Menkaure (D:4)
  3 water moccasins
  An acid dragon (D:9)
  Duvessa (D:7)
  3 ice beasts
  An orc warrior (D:8)
  A black bear (D:5)
  A sky beast (D:5)
  A necrophage (D:6)
  3 ogres
  A centaur (D:10)
  2 phantoms (D:5)
  A kobold brigand (D:10)
  A bullfrog (D:9)
  A wyvern zombie (D:7)
  A scorpion (D:6)
  A water moccasin zombie (D:6)
  A wyvern skeleton (D:7)
  Dowan (D:7)
  6 killer bees (D:8)
  3 water moccasin skeletons
  8 wights
  6 howler monkeys
  4 centaur zombies
  3 hounds
  2 orc priests
  2 jellies
  Crazy Yiuf (D:7)
  A bullfrog skeleton (D:5)
  3 iguanas
  4 orc wizards
  A hound skeleton (D:5)
  3 howler monkey zombies
  5 adders
  A shadow imp (D:7)
  3 dart slugs
  17 orcs
  7 endoplasms
  4 giant cockroaches
  12 goblins
  10 hobgoblins
  4 quokkas
  3 ball pythons
  10 bats
  6 frilled lizards
  10 kobolds
  6 rats
184 creatures vanquished.

Notes
Turn   | Place    | Note
-------+----------+-------------------------------------------
     0 | D:1      | crazypyro the Minotaur Fighter began the quest for the Orb.
     0 | D:1      | Reached XP level 1. HP: 19/19 MP: 0/0
   172 | D:1      | Reached XP level 2. HP: 27/27 MP: 1/1
   248 | D:1      | Found a faded altar of an unknown god.
  1056 | D:2      | Reached skill level 3 in Axes
  1067 | D:2      | Reached skill level 1 in Dodging
  1188 | D:2      | Reached XP level 3. HP: 32/33 MP: 2/2
  1818 | D:3      | Identified the +1 helmet of the Dozen Interlopers {*Slow
                  | rN+++ Str+3 Int+8}
  1926 | D:3      | Reached skill level 4 in Axes
  1926 | D:3      | Reached XP level 4. HP: 29/40 MP: 3/3
  2612 | D:3      | Found a sparkling altar of Nemelex Xobeh.
  2897 | D:4      | Found a radiant altar of Vehumet.
  2914 | D:4      | Reached XP level 5. HP: 35/46 MP: 4/4
  3072 | D:4      | Reached skill level 5 in Axes
  3272 | D:4      | Noticed Menkaure
  3278 | D:4      | HP: 1/46 [Menkaure (19)]
  3279 | D:4      | Killed Menkaure
  3280 | D:4      | Reached skill level 6 in Axes
  3280 | D:4      | Reached XP level 6. HP: 1/52 MP: 5/5
  3594 | D:4      | Found a hazy altar of Hepliaklqana.
  3747 | D:5      | Entered Level 5 of the Dungeon
  3747 | D:5      | Found a staircase to the Ecumenical Temple.
  3801 | Temple   | Entered the Ecumenical Temple
  3903 | Temple   | Became a worshipper of Warmaster Okawaru
  4130 | D:5      | Reached skill level 7 in Axes
  4130 | D:5      | Reached XP level 7. HP: 17/59 MP: 6/6
  4427 | D:5      | Reached * piety under Okawaru
  4846 | D:5      | Found a large runed translucent door.
  4847 | D:5      | Found a large runed translucent door.
  4847 | D:5      | Noticed growler's ghost (novice TeAE)
  4878 | D:5      | Reached skill level 8 in Axes
  4905 | D:5      | Reached skill level 5 in Dodging
  5013 | D:5      | Reached skill level 9 in Axes
  5013 | D:5      | Found a shimmering altar of Xom.
  5022 | D:5      | Reached XP level 8. HP: 66/66 MP: 7/7
  5320 | D:5      | Killed growler's ghost
  5544 | D:6      | Reached skill level 10 in Axes
  5662 | D:6      | Reached ** piety under Okawaru
  5846 | D:6      | Found a stormy altar of Qazlal.
  5849 | D:6      | Noticed an air elemental
  5905 | D:6      | Found an ancient bone altar of Kikubaaqudgha.
  6027 | D:6      | Reached skill level 5 in Armour
  6028 | D:6      | Reached skill level 11 in Axes
  6028 | D:6      | Reached XP level 9. HP: 73/73 MP: 8/8
  6071 | D:6      | Noticed a troll
  6083 | D:6      | Killed a troll
  6084 | D:6      | Reached skill level 5 in Fighting
  6084 | D:6      | Reached skill level 5 in Shields
  6156 | D:6      | Reached *** piety under Okawaru
  6368 | D:7      | Noticed Duvessa
  6368 | D:7      | Noticed Dowan
  6378 | D:7      | Killed Dowan
  6382 | D:7      | Killed Duvessa
  6632 | D:7      | You are sucked into a shaft and drop 3 floors!
  6632 | D:10     | Entered Level 10 of the Dungeon
  6838 | D:10     | Reached skill level 12 in Axes
  7261 | D:8      | Noticed Joseph
  7277 | D:8      | Killed Joseph
  7277 | D:8      | Reached **** piety under Okawaru
  7512 | D:8      | Found an ornate altar of the Wu Jian Council.
  7521 | D:8      | Reached XP level 10. HP: 84/84 MP: 9/9
  8376 | D:7      | Found a sacrificial altar of Ru.
  8600 | D:7      | Reached skill level 13 in Axes
  8724 | D:7      | Found a broken altar of Ashenzari.
  8800 | D:7      | Found a runed translucent door.
  8801 | D:7      | Noticed Crazy Yiuf
  8805 | D:7      | Killed Crazy Yiuf
  9187 | D:8      | Found a glowing golden altar of the Shining One.
  9308 | D:9      | Found a runed translucent gate.
  9309 | D:9      | Found a runed translucent gate.
  9310 | D:9      | Found a runed translucent gate.
  9311 | D:9      | Noticed sanboga's ghost (journeyman GrFi)
  9312 | D:9      | Noticed Ironcache's ghost (novice OpCA)
  9332 | D:9      | Noticed croobank's ghost (novice MiBe)
  9332 | D:9      | Noticed iwittbrodt's ghost (novice GnWn)
  9332 | D:9      | Noticed snackwell's ghost (novice TrHu)
  9405 | D:9      | Noticed Psyche
  9407 | D:9      | Found Piqoun's Magic Scroll Shoppe.
  9419 | D:9      | Killed Psyche
  9872 | D:10     | Noticed a fire giant
  9887 | D:10     | Reached ***** piety under Okawaru
 10174 | D:10     | Found an opulent altar of Gozag.
 10516 | D:10     | Killed from afar by a fire giant

Illustrated notes

Levels and vault maps discovered:
D:1:      kilobyte_arrival_exit_the_forest, layout_basic,
          shapermc_ecumenical_altar_pompeii, minmay_door_square
D:2:      layout_loops_ring
D:3:      layout_basic, lemuel_tele_altar
D:4:      layout_cave_pools, old_standard_altar, mainiacjoe_overflow_catwalk,
          serial_park, serial_park_fountain, serial_park_square2, uniq_menkaure
D:5:      layout_basic, xom_butterflies, minmay_temple_entry_wispy,
          ebering_ghost_disaster_area
D:6:      layout_rooms, nicolae_qazlal_style_of_elements,
          kiku_gazebo_garden_becter, grunt_tough_drop
D:7:      layout_basic, mainiacjoe_overflow_small_starburst,
          mainiacjoe_overflow_24_doors, uniq_crazy_yiuf_cottage, uniq_duvessa
D:8:      layout_loops_ring, tso_altar, mainiacjoe_overflow_brackets,
          uniq_joseph
D:9:      layout_big_octagon, serial_shops, nicolae_shop_behind_doors,
          gammafunk_ghost_cemetery, uniq_psyche
D:10:     minmay_firetagon, layout_loops_ring, lemuel_crystal_altar
Temple:   kb_corrupted_temple

Skill      XL: |  1  2  3  4  5  6  7  8  9 10 |
---------------+-------------------------------+-----
Armour         | 4 5 6 7 |  7.8
Axes           | 3 4 6 7 9 11 12 13 | 13.6
Dodging        | 1 2 3 4 5 6 7 |  7.1
Fighting       | 4 6 7 |  7.7
Shields        | 4 6 |  6.8

Action                   |  1- 3 |  4- 6 |  7- 9 | 10-12 || total
-------------------------+-------+-------+-------+-------++-------
Melee: War axe           |    95 |    96 |   221 |    34 ||   446
       Headbutt          |    14 |    12 |    36 |    14 ||    76
       Battleaxe         |       |       |       |    61 ||    61
       Unarmed           |       |       |       |     4 ||     4
Invok: Heroism           |       |       |     1 |       ||     1
  Use: Scroll            |     3 |     5 |     3 |     4 ||    15
       Potion            |       |       |     1 |     1 ||     2
Armor: Scale mail        |    29 |       |       |       ||    29
       Chain mail        |    34 |    64 |    93 |    68 ||   259
Dodge: Dodged            |    38 |    35 |    78 |    64 ||   215
Block: Buckler           |    23 |    24 |    42 |     5 ||    94
